 Dungeon Crawl Stone Soup version 0.24.0-3-g28a8eb0610 (webtiles) character file.

Game seed: 2090906379026575478, levelgen mode: deterministic

373 Amplified the Skirmisher (level 6, 0/47 HPs)
             Began as a Mummy Enchanter on Nov 1, 2019.
             Slain by a scorpion (10 damage)
             ... on level 5 of the Dungeon.
             The game lasted 00:11:40 (5658 turns).

Amplified the Skirmisher (Mummy Enchanter)          Turns: 5658, Time: 00:11:41

Health: 0/47       AC:  7    Str: 13    XL:     6   Next: 43%
Magic:  7/10       EV: 12    Int: 16    God:
Gold:   294        SH:  0    Dex: 13    Spells: 7/10 levels left

rFire    x . .     SeeInvis .   j - +0 short sword (vamp)
rCold    + . .     Gourm    .   (no shield)
rNeg     + + +     Faith    .   b - +0 robe
rPois    ∞         Spirit   .   (no helmet)
rElec    .         Reflect  .   e - +1 cloak
rCorr    .         Harm     .   g - +1 pair of gloves
MR       .....                  i - +0 pair of boots
Stlth    ++........             (no amulet)
HPRegen  0.15/turn              (no ring)
MPRegen  0.12/turn              m - +2 ring of intelligence

@: no status effects
A: no food or potions, fire vulnerability, cold resistance 1, negative energy
resistance 3, torment resistance, unbreathing
a: no special abilities


You were on level 5 of the Dungeon.
You were not hungry.

You visited 1 branch of the dungeon, and saw 5 of its levels.
You also visited: Sewer.

You collected 294 gold pieces.

Inventory:

Hand Weapons
 a - a +1 dagger
 f - a +0 long sword
 j - a +0 vampiric short sword (weapon)
 l - a +2 flail of crushing
Missiles
 c - 176 stones
 d - 4 javelins (quivered)
Armour
 b - a +0 robe (worn)
 e - a +1 cloak (worn)
 g - a +1 pair of gloves (worn)
 i - a +0 pair of boots (worn)
Jewellery
 m - a +2 ring of intelligence (right hand)
Wands
 h - a wand of enslavement (6)
Scrolls
 n - a scroll of amnesia


   Skills:
 * Level 3.5 Fighting
 * Level 3.1 Short Blades
 - Level 1.5 Dodging
 - Level 2.4 Stealth
 - Level 2.6 Spellcasting
 - Level 3.3 Hexes
 * Level 2.2 Ice Magic


You had 7 spell levels left.
You knew the following spells:

 Your Spells              Type           Power        Failure   Level  Hunger
a - Corona                Hex            ##.....      4%          1    N/A
b - Ensorcelled Hibernat  Hex/Ice        ##....       10%         2    N/A

Your spell library contained the following spells:

 Spells                   Type           Power        Failure   Level  Hunger
 Confuse                  Hex            ##......     14%         3    N/A
 Tukima's Dance           Hex            ##......     14%         3    N/A
 Dazzling Spray           Conj/Hex       #.....       28%         3    N/A

Dungeon Overview and Level Annotations

Branches:
Dungeon (5/15)              Sewer (visited)
 Temple: D:4-7

Altars:
Cheibriados
Dithmenos
Elyvilon
Fedhas
Okawaru
Trog
Wu Jian
Zin


Innate Abilities, Weirdness & Mutations

You do not eat or drink.
Your flesh is vulnerable to fire.
You are immune to poison.
Your flesh is cold resistant. (rC+)
You are immune to negative energy. (rN+++)
You are immune to unholy pain and torment.
You can survive without breathing.


Message History

Okay, then.
You can't drink.
Unknown command.
Sorry, you're not good enough to have a special ability.
Unknown command.
Okay, then.
Okay, then.
Okay, then.
You can't drink.
Unknown command.
Quiver which item? (- for none, * to show all) (? for menu, Esc to quit)
Okay, then.
You barely miss the scorpion.
The scorpion is heavily wounded.
The scorpion barely misses you.
Unknown command.
You hit the scorpion.
The scorpion is severely wounded.
The scorpion stings you!
You die...

......##.###.###J...
....#..............#
......##.###.######
....#.##.# #.#
(...#.##.# #.#
....#.##.# #.#
#####.##.# #.# #####
#..#.# #.#####...#
##.#.# #....@s..(# .
#######...# ##.##
#....s... #..######
#..# #... ...## ..##


You could see a scorpion.

Vanquished Creatures
  An ogre (D:4)
  5 orc wizards
  Jessica (D:3)
  5 adders
  A shadow imp (D:5)
  A worm (D:2)
  4 dart slugs
  2 leopard geckos
  8 orcs
  A giant cockroach (D:2)
  6 hobgoblins
  7 kobolds
  A quokka (D:2)
  A ball python (D:2)
  7 bats
  A frilled lizard (D:3)
  12 goblins
  8 rats
72 creatures vanquished.

Vanquished Creatures (collateral kills)
  An orc (D:4)
  A giant cockroach (D:4)
2 creatures vanquished.

Vanquished Creatures (others)
  An orc (D:3)
  A rat (D:2)
2 creatures vanquished.

Grand Total: 76 creatures vanquished

Notes
Turn   | Place    | Note
-------+----------+-------------------------------------------
     0 | D:1      | Amplified the Mummy Enchanter began the quest for the Orb.
     0 | D:1      | Reached XP level 1. HP: 13/13 MP: 4/4
   207 | D:1      | Reached skill level 1 in Short Blades
   521 | D:1      | Reached XP level 2. HP: 20/20 MP: 3/5
   705 | D:1      | Reached skill level 1 in Fighting
  1195 | D:2      | Learned a level 2 spell: Ensorcelled Hibernation
  1317 | D:3      | Found an iron altar of Okawaru.
  1379 | D:4      | Noticed an ogre
  1573 | D:3      | Found a glowing drain.
  1585 | Sewer    | Entered a sewer
  1780 | D:3      | Found a shadowy altar of Dithmenos.
  1804 | D:3      | Reached XP level 3. HP: 4/26 MP: 0/7
  2206 | D:3      | Noticed Jessica
  2211 | D:3      | Killed Jessica
  2258 | D:3      | Noticed an orc warrior
  2343 | D:2      | Reached XP level 4. HP: 31/33 MP: 5/8
  2873 | D:2      | Found a snail-covered altar of Cheibriados.
  2877 | D:2      | Found a white marble altar of Elyvilon.
  2887 | D:2      | Found an ornate altar of the Wu Jian Council.
  2888 | D:2      | Found a bloodstained altar of Trog.
  2888 | D:2      | Found a glowing silver altar of Zin.
  2891 | D:2      | Found a blossoming altar of Fedhas.
  3239 | D:2      | Found a faded altar of an unknown god.
  3781 | D:5      | Entered Level 5 of the Dungeon
  4298 | D:3      | Reached skill level 1 in Ice Magic
  4378 | D:3      | Reached XP level 5. HP: 30/39 MP: 4/9
  5240 | D:4      | Killed an ogre
  5240 | D:4      | Reached XP level 6. HP: 47/47 MP: 5/10
  5558 | D:4      | You fall into a shaft and drop 1 floor!
  5562 | D:5      | Noticed a slave
  5658 | D:5      | Slain by a scorpion

Levels and vault maps discovered:
D:1:      dpeg_arrival_rooms_c, layout_basic
D:2:      layout_loops_corners, minitemple, chequers_ecumenical_altar_lobes,
          minmay_curled_crystal
D:3:      layout_loops_cross, grunt_dithmenos_smoke, okawaru_ov_weapons_minmay,
          portal_sewer_entry_b, uniq_jessica
D:4:      layout_basic, first_ration
D:5:      layout_loops_ring, grunt_ministairs_3, chequers_serial_rivers_micro_d,
          uniq_pikel

Skill      XL: |  1  2  3  4  5  6 |
---------------+-------------------+-----
Short Blades   | 1 2 3 |  3.1
Fighting       | 1 2 3 |  3.5
Hexes          | 3 |  3.3
Ice Magic      | 1 2 |  2.2
Dodging        | |  1.5
Stealth        | |  2.4
Spellcasting   | |  2.6

Action                   |  1- 3 |  4- 6 || total
-------------------------+-------+-------++-------
Melee: Dagger            |   103 |    39 ||   142
       Short sword       |       |   131 ||   131
       Flail             |       |    12 ||    12
Throw: Javelin           |       |     7 ||     7
 Cast: Corona            |    20 |     1 ||    21
       Ensorcelled Hiber |    11 |    35 ||    46
Evoke: Wand              |       |     4 ||     4
  Use: Scroll            |     3 |     9 ||    12
 Stab: Sleeping          |     4 |    15 ||    19
Armor: Robe              |    17 |    61 ||    78
Dodge: Dodged            |    62 |   108 ||   170
